 Dungeon Crawl Stone Soup version 0.20-a0-1056-g7622305 (webtiles) character file.

523 nkvd the Poker (level 7, 0/52 HPs)
             Began as a Merfolk Skald on Apr 26, 2017.
             Slain by Jessica (2 damage)
             ... on level 3 of the Dungeon.
             The game lasted 00:29:18 (1785 turns).

nkvd the Poker (Merfolk Skald)                      Turns: 1785, Time: 00:29:19

Health: 0/52       AC:  4    Str: 11    XL:     7   Next: 22%
Magic:  4/11       EV: 14    Int: 14    God:
Gold:   76         SH:  0    Dex: 14    Spells: 5/11 levels left

rFire    . . .     SeeInvis .   a - +1 spear
rCold    . . .     Gourm    +   (no shield)
rNeg     . . .     Faith    .   b - +1 leather armour
rPois    .         Spirit   .   (no helmet)
rElec    .         Reflect  .   (no cloak)
rCorr    .         Harm     .   (no gloves)
MR       .....                  (no boots)
Stlth    ++........             f - amulet of the gourmand
Regen    1.2/turn               (no ring)
MPRegen  0.2/turn               (no ring)

@: regenerating (expiring)
A: change form in water, swift swim, stealthy swim
a: no special abilities


You were on level 3 of the Dungeon.
You were not hungry.

You visited 1 branch of the dungeon, and saw 3 of its levels.

You collected 76 gold pieces.

Inventory:

Hand Weapons
 a - a +1 spear (weapon)
Armour
 b - a +1 leather armour (worn)
 m - the +0 helmet "Wugoc" {Int+5, unknown}
   (You took it off Robin on level 3 of the Dungeon)

   It affects your intelligence (+5).
Jewellery
 f - an amulet of the gourmand (around neck)
Wands
 k - a wand of random effects (23/48)
Scrolls
 e - a scroll of enchant weapon
 g - 3 scrolls of identify
 j - a scroll of fog {unknown}
Potions
 l - 2 potions of lignification {unknown}
 n - 2 potions of heal wounds {unknown}
 o - a potion of ambrosia {unknown}
 q - a potion of invisibility {unknown}
Books
 c - a book of Battle

   Spells                             Type                      Level
   a - Infusion                       Charms                       1
   b - Shroud of Golubria             Charms/Translocation         2
   c - Song of Slaying                Charms                       2
   d - Spectral Weapon                Hexes/Charms                 3
   e - Regeneration                   Charms/Necromancy            3
Comestibles
 h - a royal jelly
 i - 2 meat rations


   Skills:
 + Level 3.6 Fighting
 + Level 5.7 Polearms
 + Level 2.1 Armour
 + Level 4.5 Dodging
 + Level 1.2 Stealth
 + Level 2.8 Spellcasting
 + Level 1.0 Hexes
 + Level 4.2 Charms
 + Level 1.2 Necromancy


You had 5 spell levels left.
You knew the following spells:

 Your Spells              Type           Power        Failure   Level  Hunger
b - Regeneration          Chrm/Necr      #.........   28%         3    ###....
c - Spectral Weapon       Hex/Chrm       #.......     28%         3    ###....


Dungeon Overview and Level Annotations

Branches:
Dungeon (3/15)

Altars:
Gozag

Annotations:
D:3 Jessica


Message History

You hit Grinder.
Grinder is almost dead.
Your spectral weapon hits Grinder.
Jessica hits you.
* * * LOW HITPOINT WARNING * * *
Grinder says, "Wait up."
Grinder hits your spectral weapon!
Your spectral weapon shares its damage with you!
You catch the helpless Grinder completely off-guard!
You hit Grinder but do no damage.
Grinder is almost dead.
Your skin is crawling a little less now.
Your spectral weapon hits Grinder!
You kill Grinder!
Your Armour skill increases to level 2!
Your Stealth skill increases to level 1!
Your Hexes skill increases to level 1!
Your Necromancy skill increases to level 1!
You have reached level 7!
Jessica hits you.
You die...

#.# #.#
#.#####†#
#.....###
####
#####.#
##....
#.#
#......
#.#
##.......
#.#
##.....#
#.#
#.(..#
#(###.@.#
#.##..@.#
#.##...##
#.##...#
#.##...#
#.###'##
#.###.#
#.....#
##.####


You could see Jessica and a friendly spectral spear.

Vanquished Creatures
  Grinder (D:3)
  The ghost of Deemzul the Chopper, an amateur OpBe of Trog (D:3)
  A centaur (D:3)
  Robin (D:3)
  3 adders (D:2)
  A worm (D:3)
  2 leopard geckos (D:2)
  2 giant cockroaches
  20 goblins
  15 hobgoblins
  6 jackals
  6 kobolds
  3 quokkas (D:2)
  4 bats
  4 frilled lizards
  6 rats
76 creatures vanquished.

Notes
Turn   | Place    | Note
-------+----------+-------------------------------------------
     0 | D:1      | nkvd the Merfolk Skald began the quest for the Orb.
     0 | D:1      | Reached XP level 1. HP: 16/16 MP: 3/3
   212 | D:1      | Reached XP level 2. HP: 22/22 MP: 5/5
   480 | D:1      | Reached XP level 3. HP: 13/28 MP: 3/6
   659 | D:1      | Learned a level 3 spell: Regeneration
   825 | D:2      | Reached skill level 1 in Armour
   852 | D:2      | Reached XP level 4. HP: 12/34 MP: 3/7
   876 | D:2      | Learned a level 3 spell: Spectral Weapon
  1033 | D:2      | Found an opulent altar of Gozag.
  1229 | D:3      | Noticed Robin
  1234 | D:3      | Noticed a centaur
  1425 | D:3      | Killed a centaur
  1425 | D:3      | Reached skill level 4 in Polearms
  1425 | D:3      | Reached XP level 5. HP: 24/41 MP: 6/8
  1434 | D:3      | Killed Robin
  1438 | D:3      | Got a distressingly furry helmet
  1595 | D:3      | Noticed Deemzul's ghost (amateur OpBe)
  1615 | D:3      | Killed Deemzul's ghost
  1615 | D:3      | Reached skill level 5 in Polearms
  1615 | D:3      | Reached XP level 6. HP: 5/47 MP: 0/9
  1765 | D:3      | Noticed Grinder
  1767 | D:3      | Noticed Jessica
  1782 | D:3      | HP: 2/47 [Grinder/nerve-wracking pain (6)]
  1785 | D:3      | Killed Grinder
  1785 | D:3      | Reached skill level 1 in Stealth
  1785 | D:3      | Reached skill level 1 in Hexes
  1785 | D:3      | Reached skill level 1 in Necromancy
  1785 | D:3      | Reached XP level 7. HP: 2/52 MP: 4/11
  1785 | D:3      | Slain by Jessica

Vault maps used:
D:1:      dpeg_arrival_snail, corexii_corridor_pit, minmay_cupped
D:2:      first_bread, grunt_gozag_breadcrumbs
D:3:      lightli_corner_chamber, uniq_grinder, uniq_jessica, uniq_robin

Skill      XL: |  1  2  3  4  5  6 |
---------------+-------------------+-----
Dodging        | 3 4 |  4.5
Armour         | 1 2 |  2.1
Fighting       | 3 |  3.6
Polearms       | 4 5 |  5.7
Charms         | 4 |  4.2
Stealth        | 1 |  1.2
Hexes          | 1 |  1.0
Necromancy     | 1 |  1.2
Spellcasting   | |  2.8

Action                   |  1- 3 |  4- 6 |  7- 9 || total
-------------------------+-------+-------+-------++-------
Melee: Spear             |   146 |   162 |       ||   308
 Cast: Infusion          |     4 |       |       ||     4
       Regeneration      |     2 |    10 |       ||    12
       Spectral Weapon   |       |     4 |       ||     4
  Use: Potion            |     3 |     1 |       ||     4
       Scroll            |       |    10 |       ||    10
 Stab: Distracted        |       |     1 |       ||     1
  Eat: Bread ration      |     1 |     1 |       ||     2
Armor: Leather armour    |    31 |    36 |       ||    67
Dodge: Dodged            |   116 |    91 |       ||   207
